 Dungeon Crawl Stone Soup version 0.28-a0-653-g7e9dba17c3 (webtiles) character file.

Game seed: 12455955466370359863

5810 siradein the Geomancer (level 10, -10/50 HPs)
             Began as a Deep Elf Earth Elementalist on Oct 12, 2021.
             Was an Elder of Kikubaaqudgha.
             Mangled by an orc warlord (30 damage)
             ... in a bailey.
             The game lasted 01:18:33 (14173 turns).

siradein the Geomancer (DEEE)                      Turns: 14173, Time: 01:18:34

Health: -10/50     AC:  5    Str:  5    XL:     10   Next: 50%
Magic:  3/26       EV: 13    Int: 24    God:    Kikubaaqudgha [****..]
Gold:   375        SH:  0    Dex: 25    Spells: 0/29 levels left

rFire   . . .      SeeInvis .   w - +2 hand axe of Prudence {vorpal, *Noise rElec Will+ Dex+10}
rCold   . . .      Faith    .   (no shield)
rNeg    . . .      Spirit   .   b - +0 robe
rPois   .          Reflect  .   k - +0 helmet
rElec   +          Harm     .   (no cloak)
rCorr   +          Rampage  .   q - +0 pair of gloves
Will    ++...                   f - +0 pair of boots
Stlth   +++.......              u - amulet of regeneration
HPRegen 1.16/turn               l - ring of flight
MPRegen 0.20/turn               x - ring of resist corrosion

@: flying
A: no striking features
a: Renounce Religion, Receive Corpses


You were in a bailey.
You worshipped Kikubaaqudgha.
Kikubaaqudgha was greatly pleased with you.
You visited 2 branches of the dungeon, and saw 9 of its levels.
You also visited: Bailey.

You collected 440 gold pieces.
You spent 65 gold pieces at shops.

Inventory:

Hand Weapons
 w - the +2 hand axe of Prudence (weapon) {vorpal, *Noise rElec Will+ Dex+10}
   (You found it on level 6 of the Dungeon)

   It inflicts extra damage upon your enemies.
   Dex:       It affects your dexterity (+10).
   rElec:     It insulates you from electricity.
   *Noise:    It may make noises in combat.
   Will:      It increases your willpower.
Missiles
 c - 234 stones
 e - 25 poisoned darts
 t - a throwing net
Armour
 b - a +0 robe (worn)
 f - a +0 pair of boots (worn)
 k - a +0 helmet (worn)
 q - a +0 pair of gloves (worn)
Jewellery
 l - a ring of flight (left hand)
 u - an amulet of regeneration (around neck)
 x - a ring of resist corrosion (right hand)
Wands
 y - a wand of mindburst (12)
Scrolls
 a - 3 scrolls of enchant weapon
 d - 6 scrolls of teleportation
 g - a scroll of fear
 i - a scroll of silence
 j - a scroll of immolation
 p - 3 scrolls of enchant armour
 v - a scroll of brand weapon {unknown}
 z - a scroll of blinking
 D - a scroll of magic mapping {unknown}
 E - 2 scrolls of acquirement
Potions
 h - a potion of berserk rage
 m - 2 potions of resistance
 n - a potion of lignification
 o - 4 potions of curing
 r - a potion of brilliance {unknown}
 s - a potion of haste {unknown}
 A - a potion of heal wounds {unknown}
 B - a potion of degeneration {unknown}
 C - a potion of mutation {unknown}
 F - a potion of might {unknown}


   Skills:
 - Level 2.4 Dodging
 - Level 2.4 Stealth
 + Level 10.0 Spellcasting
 + Level 8.0 Conjurations
 * Level 9.3 Necromancy
 - Level 1.1 Transmutations
 + Level 10.5 Earth Magic
 + Level 0.3 Evocations


You couldn't memorise any spells.
You knew the following spells:

 Your Spells              Type           Power      Damage    Failure   Level
a - Sandblast             Erth           100%       2d20      1%          1
b - Passwall              Tmut/Erth      33%        N/A       1%          2
c - Stone Arrow           Conj/Erth      100%       3d13      1%          3
d - Death Channel         Necr           27%        N/A       17%         6
e - Mephitic Cloud        Conj/Pois/Air  24%        N/A       5%          3
f - Flame Wave            Conj/Fire      31%        3d7       10%         4
g - Freezing Cloud        Conj/Ice/Air   12%        6-21      43%         5
h - Sublimation of Blood  Necr           27%        N/A       1%          2
i - Inner Flame           Hex/Fire       12%        N/A       16%         3

Your spell library contained the following spells:

 Spells                   Type           Power      Damage    Failure   Level
 Foxfire                  Conj/Fire      100%       2x1d9     1%          1
 Pain                     Necr           100%       1d9       1%          1
 Corpse Rot               Necr/Air       N/A        N/A       1%          2
 Vampiric Draining        Necr           27%        2d9       1%          3
 Animate Dead             Necr           27%        N/A       1%          4
 Dispel Undead            Necr           54%        3d20      1%          4
 Conjure Flame            Conj/Fire      31%        6-21      3%          3
 Excruciating Wounds      Necr           27%        N/A       3%          5
 Petrify                  Tmut/Erth      40%        N/A       4%          4
 Ignite Poison            Fire/Tmut/Pois 13%        N/A       14%         3
 Ozocubu's Armour         Ice            12%        N/A       16%         3
 Simulacrum               Ice/Necr       17%        N/A       75%         6
 Ozocubu's Refrigeration  Ice            6%         4d6       100%        7


Dungeon Overview and Level Annotations

Branches:
Dungeon (8/15)             Temple (1/1) D:6          Bailey (1/1)
   Lair: D:8-11

Altars:
Ashenzari
Cheibriados
Dithmenos
Elyvilon
Fedhas
Gozag
Hepliaklqana
Kikubaaqudgha
Nemelex Xobeh
Okawaru
Qazlal
Ru
Trog
Uskayaw
Vehumet
Wu Jian
Xom

Shops:
D:4 *(

Annotations:
D:2 1 runed translucent door, Crazy Yiuf
D:6 1 runed translucent door, a11behringer's ghost, novice MiFi


Message History

The orc warlord is engulfed in noxious fumes.
The orc warlord appears confused.
Unknown command.
Casting: Mephitic Cloud (dangerous; 5% risk of failure)
Confirm with . or Enter, or press ? or * to list all spells.
You draw magical energy from your own body!
The orc warlord is engulfed in noxious fumes.
The orc warlord is engulfed in blazing flames.
Aiming: Stone Arrow (safe; 1% risk of failure)
Press: ? - help, Q - select action, (/) - cycle Shift-Dir - straight line, f - orc warlord
Aim: an orc warlord, wielding a +3 bardiche and wearing a +0 chain mail (lightly wounded, confused, 95% to hit)
The stone arrow hits the orc warlord!
The orc warlord is moderately wounded.
Aiming: Stone Arrow (safe; 1% risk of failure)
Press: ? - help, Q - select action, (/) - cycle Shift-Dir - straight line, f/p - orc warlord
Aim: an orc warlord, wielding a +3 bardiche and wearing a +0 chain mail (moderately wounded, confused, 95% to hit)
The stone arrow hits the orc warlord!
The orc warlord is heavily wounded.
The orc warlord seems less confused.
Aiming: Stone Arrow (safe; 1% risk of failure)
Press: ? - help, Q - select action, (/) - cycle Shift-Dir - straight line, f/p - orc warlord
Aim: an orc warlord, wielding a +3 bardiche and wearing a +0 chain mail (heavily wounded, 84% to hit)
The stone arrow hits the orc warlord!!
The orc warlord is heavily wounded.
Casting: Stone Arrow (safe; 1% risk of failure)
Confirm with . or Enter, or press ? or * to list all spells.
Aiming: Mephitic Cloud (dangerous; 5% risk of failure)
Press: ? - help, Shift-Dir - straight line, f/p - orc warlord
Aim: an orc warlord, wielding a +3 bardiche and wearing a +0 chain mail (heavily wounded, chance to affect: 29%)
The ball explodes into a vile cloud!
The stinking cloud engulfs the orc warlord but does no damage.
The orc warlord is heavily wounded.
The orc warlord is engulfed in noxious fumes.
The orc warlord hits you from afar with a +3 bardiche!!
Ouch! That really hurt!
The orc warlord is engulfed in noxious fumes.
The orc warlord hits you from afar with a +3 bardiche!!
Ouch! That really hurt!
You die...
Kikubaaqudgha rasps: "You have failed me!
Welcome... death!"

.###.........###
##.###....)#'#.###
..o..###.###.....###
.......###.........##
.......##8..........#
........#8)..☼☼☼....#
........'....☼o....∩#
........#8....§§....#
.......##8......@...#
.......###.........##
.....###.###.....###
##.###.....#'#.###
.###.........###
..#...........#
..#...........#
..#.....⌠.....#
..'...........#


You could see an orc warlord.

Vanquished Creatures
  An orc knight (Bailey)
  A hornet (D:8)
  Prince Ribbit (D:5)
  A water moccasin (D:7)
  2 sky beasts (D:6)
  11 orc warriors (Bailey)
  5 ice beasts
  2 black bears
  A necrophage (D:6)
  3 ogres
  2 centaurs
  2 phantoms
  2 bullfrogs (D:7)
  4 kobold brigands
  3 scorpions
  4 killer bees (D:7)
  2 howler monkeys
  3 wights (D:8)
  A bullfrog zombie (D:6)
  5 centaur zombies
  2 orc priests
  4 hounds
  A gnoll shaman (D:8)
  An iguana (D:6)
  A bullfrog skeleton (D:5)
  A scorpion zombie (D:5)
  16 orc wizards
  A statue (D:7)
  A hound zombie (D:5)
  A hound skeleton (D:4)
  Robin (D:3)
  12 gnolls (Bailey)
  5 adders
  A shadow imp (D:7)
  An adder skeleton (D:4)
  5 worms
  2 dart slugs
  39 orcs
  9 ball pythons
  4 bats
  9 endoplasms
  4 giant cockroaches
  32 goblins
  27 hobgoblins
  4 jackals (D:1)
  3 quokkas
  3 training dummies (D:4)
  3 frilled lizards
  27 kobolds
  4 rats
280 creatures vanquished.

Vanquished Creatures (collateral kills)
  A killer bee (D:7)
1 creature vanquished.

Vanquished Creatures (others)
  A plant (D:5)
1 creature vanquished.

Grand Total: 282 creatures vanquished

Notes
Turn   | Place    | Note
-------+----------+-------------------------------------------
     0 | D:1      | siradein the Deep Elf Earth Elementalist began the quest
                  | for the Orb.
     0 | D:1      | Reached XP level 1. HP: 10/10 MP: 6/6
   492 | D:1      | Reached XP level 2. HP: 15/15 MP: 6/8
  1582 | D:1      | Learned a level 2 spell: Passwall
  1826 | D:2      | Reached XP level 3. HP: 19/19 MP: 9/9
  1843 | D:2      | Learned a level 3 spell: Stone Arrow
  2116 | D:2      | Reached skill level 5 in Earth Magic
  2463 | D:2      | Reached XP level 4. HP: 24/24 MP: 6/10
  2825 | D:2      | Found a runed translucent door.
  2826 | D:2      | Noticed Crazy Yiuf
  4199 | D:3      | Reached XP level 5. HP: 28/28 MP: 9/11
  4229 | D:3      | Learned a level 4 spell: Petrify
  4390 | D:3      | Found a blossoming altar of Fedhas.
  4689 | D:3      | Noticed Robin
  5329 | D:3      | Killed Robin
  6193 | D:4      | Reached skill level 1 in Conjurations
  6272 | D:4      | Noticed an ogre
  6279 | D:4      | Killed an ogre
  6280 | D:4      | Reached XP level 6. HP: 32/32 MP: 3/13
  6526 | D:4      | Found Behat's Firing Range.
  6735 | D:4      | Found Nofeohut's General Store.
  6738 | D:4      | Bought a potion of curing for 39 gold pieces
  6738 | D:4      | Bought a scroll of identify for 26 gold pieces
  7261 | D:4      | Found a broken altar of Ashenzari.
  7294 | D:4      | Reached XP level 7. HP: 36/36 MP: 8/16
  7393 | D:4      | Reached skill level 5 in Spellcasting
  7561 | D:5      | Entered Level 5 of the Dungeon
  7959 | D:5      | Noticed Prince Ribbit
  7968 | D:5      | Killed Prince Ribbit
  7969 | D:5      | Reached XP level 8. HP: 10/41 MP: 0/19
  8440 | D:5      | Reached skill level 5 in Conjurations
  8725 | D:6      | Found a staircase to the Ecumenical Temple.
  8737 | Temple   | Entered the Ecumenical Temple
  8822 | Temple   | Became a worshipper of Kikubaaqudgha
  8847 | D:6      | Reached skill level 1 in Necromancy
  8848 | D:6      | Identified the +2 hand axe of Prudence {vorpal, *Noise
                  | rElec Will+ Dex+10}
  9587 | D:6      | Learned a level 3 spell: Mephitic Cloud
  9592 | D:6      | Learned a level 4 spell: Flame Wave
  9598 | D:6      | Learned a level 5 spell: Freezing Cloud
  9672 | D:6      | Found a runed translucent door.
  9718 | D:6      | Noticed a11behringer's ghost (novice MiFi)
  9791 | D:6      | Reached XP level 9. HP: 45/45 MP: 15/22
 10277 | D:7      | Reached * piety under Kikubaaqudgha
 10277 | D:7      | Received a gift from Kikubaaqudgha
 10278 | D:7      | Reached skill level 5 in Necromancy
 10848 | D:7      | Found an opulent altar of Gozag.
 11545 | D:7      | Found a radiant altar of Vehumet.
 12215 | D:7      | Reached ** piety under Kikubaaqudgha
 12597 | D:8      | Reached skill level 10 in Earth Magic
 12656 | D:8      | Learned a level 2 spell: Sublimation of Blood
 12672 | D:8      | Reached XP level 10. HP: 24/50 MP: 15/25
 12845 | D:8      | Found a flagged portal.
 12858 | Bailey   | Entered a bailey
 13134 | Bailey   | Reached *** piety under Kikubaaqudgha
 13134 | Bailey   | Received a gift from Kikubaaqudgha
 13279 | Bailey   | Noticed an orc knight
 13302 | Bailey   | Killed an orc knight
 13748 | Bailey   | Reached **** piety under Kikubaaqudgha
 13779 | Bailey   | Learned a level 6 spell: Death Channel
 13968 | Bailey   | Reached skill level 10 in Spellcasting
 14130 | Bailey   | Noticed an orc warlord
 14148 | Bailey   | Learned a level 3 spell: Inner Flame
 14173 | Bailey   | Mangled by an orc warlord

Illustrated notes

Levels and vault maps discovered:
D:1:      wander_arrival_peaceful_grave, layout_basic
D:2:      layout_loops_corners, minmay_misc_feat_chi, grunt_ministairs_11,
          chequers_serial_rivers_small_b, minmay_cupped, uniq_crazy_yiuf_cottage
D:3:      layout_basic, fedhas_altar_1, uniq_robin
D:4:      layout_basic, mainiacjoe_overflow_tiny_flanked, serial_shops,
          kennysheep_mini_moat, nicolae_shop_firing_range
D:5:      layout_rooms, serial_curves, eino_curves_01, eino_curves_03,
          eino_curves_04, eino_curves_02, serial_bayou_pond_a,
          uniq_prince_ribbit1
D:6:      minmay_flawed_box, layout_basic, minmay_temple_entry_mini_moons,
          ebering_ghost_sewer_d
D:7:      layout_basic, vehumet_statue, marbit_many_paths,
          kennysheep_generic_room_9
D:8:      layout_basic, enter_bailey_4, hex_large,
          hangedman_decor_diamond_cutter, minmay_circle_x
Temple:   nicolae_temple_god_jail
Bailey:   bailey_axe_minmay_hex_keep, bailey

Skill      XL: |  1  2  3  4  5  6  7  8  9 10 |
---------------+-------------------------------+-----
Earth Magic    | 4 5 6 7 8 9 10 | 10.5
Conjurations   | 1 3 4 5 7 8 |  8.0
Spellcasting   | 4 6 7 9 10 | 10.0
Necromancy     | 4 7 9 |  9.3
Dodging        | |  2.4
Stealth        | |  2.4
Transmutations | |  1.1
Evocations     | |  0.3

Action                   |  1- 3 |  4- 6 |  7- 9 | 10-12 || total
-------------------------+-------+-------+-------+-------++-------
Melee: Short sword       |   104 |   163 |       |       ||   267
       Hand axe          |       |       |     3 |    41 ||    44
 Cast: Sandblast         |    28 |    31 |    16 |    15 ||    90
       Stone Arrow       |       |    31 |   152 |    90 ||   273
       Mephitic Cloud    |       |       |    11 |    17 ||    28
       Sublimation of Bl |       |       |     1 |    20 ||    21
       Inner Flame       |       |       |       |     2 ||     2
  Use: Scroll            |       |     8 |     4 |     1 ||    13
 Stab: Sleeping          |     4 |     4 |       |       ||     8
       Distracted        |       |       |       |     1 ||     1
       Confused          |       |       |       |     1 ||     1
Armor: Robe              |    23 |    52 |    14 |    12 ||   101
Dodge: Dodged            |    80 |   117 |    30 |    48 ||   275

Table legend: (Time is in decaauts)
 A = Elapsed time spent in this place.
 B = Non-inter-level travel time spent in this place.
 C = Inter-level travel time spent in this place.
 D = Time resting spent in this place.
 E = Time spent auto-exploring this place.
 F = Levels seen in this place.
 G = Mean time per level.
                   A        B        C        D        E       F      G
               +--------+--------+--------+--------+--------+-----+--------+
         Total |  14225 |  14026 |    199 |    858 |  10638 |  10 | 1422.5 |
       Dungeon |  12793 |  12594 |    199 |    830 |   9743 |   8 | 1599.1 |
        Temple |    104 |    104 |      0 |      0 |     68 |   1 |  104.0 |
        Bailey |   1327 |   1327 |      0 |     28 |    827 |   1 | 1327.0 |
               +--------+--------+--------+--------+--------+-----+--------+

Top non-repeatable levels by time:
     D:2: 2710 daAuts
     D:7: 2084 daAuts
     D:3: 1818 daAuts
     D:1: 1674 daAuts
     D:6: 1475 daAuts
     D:4: 1393 daAuts
  Bailey: 1327 daAuts
     D:5: 1097 daAuts
     D:8: 539 daAuts
  Temple: 104 daAuts
